 Dungeon Crawl Stone Soup version 0.32-a0-721-g4b9ed32 (webtiles) character file.

Game seed: 14481026567294317532

35121 skewfiend the Geomancer (level 13, -12/78 HPs)
             Began as a Deep Elf Wanderer on Mar 13, 2024.
             Was a High Priest of Sif Muna.
             Mangled by a skyshark (24 damage)
             ... on level 3 of the Lair of Beasts on Mar 16, 2024.
             The game lasted 01:13:34 (14715 turns).

skewfiend the Geomancer (Deep Elf Wanderer)        Turns: 14715, Time: 01:13:35

Health: -12/78     AC: 14    Str:  6    XL:     13   Next: 45%
Magic:  12/39      EV: 11    Int: 31    God:    Sif Muna [*****.]
Gold:   1085       SH:  0    Dex: 15    Spells: 8/35 levels left

rFire   + . .        y - +3 Elemental Staff {ele, rElec rF+ rC+ AC+3}
rCold   + . .        (no shield)
rNeg    . . .        N - +1 leather armour {rPois}
rPois   +            k - +0 hat {Will+}
rElec   +            U - +2 cloak
rCorr   .            D - +1 pair of gloves
SInv    .            u - +1 pair of boots
Will    ++...        I - amulet of magic regeneration
Stlth   +            i - ring of magical power
HPRegen 0.33/turn    d - +6 ring of intelligence
MPRegen 0.66/turn

%: no passive effects
@: marked
A: no striking features
a: Renounce Religion, Channel Magic, Forget Spell, Divine Exegesis


You were on level 3 of the Lair of Beasts.
You worshipped Sif Muna.
Sif Muna was extremely pleased with you.
You visited 3 branches of the dungeon, and saw 15 of its levels.
You also visited: Ossuary and Bailey.

You collected 1085 gold pieces.

Inventory:

Hand Weapons
 y - the +3 Elemental Staff (weapon) {ele, rElec rF+ rC+ AC+3}
   (You found it on level 3 of the Lair of Beasts)

   AC+3:      It affects your AC (+3).
   rF+:       It protects you from fire.
   rC+:       It protects you from cold.
   rElec:     It insulates you from electricity.
 A - a +0 broad axe
 R - the +8 long sword of Esichess {venom, *Noise rN+++ Dex+6}
   (You found it on level 7 of the Dungeon)

   Dex+6:     It affects your dexterity (+6).
   rN+++:     It renders you almost immune to negative energy.
   *Noise:    It may make a loud noise when swung.
 S - a +3 dagger of venom
 V - the +5 hand axe of Vumoh {heavy, Will++}
   (You took it off an orc warrior in a bailey)

   Will++:    It greatly increases your willpower.
 Z - a +0 sling of draining
Missiles
 j - 10 atropa-tipped darts
 q - 74 poisoned darts
 K - 10 datura-tipped darts
 O - 2 darts of dispersal
 P - a curare-tipped dart
 T - 33 boomerangs
Armour
 k - a +0 hat of willpower (worn)
 u - a +1 pair of boots (worn)
 D - a +1 pair of gloves (worn)
 N - a +1 leather armour of poison resistance (worn)
 U - a +2 cloak (worn)
Magical Staves
 E - a staff of earth
Jewellery
 a - an amulet of faith
 d - a +6 ring of intelligence (right hand)
 i - a ring of magical power (left hand)
 m - an amulet of guardian spirit
 o - a +4 ring of slaying
 I - an amulet of magic regeneration (around neck)
Wands
 l - a wand of warping (9)
 z - a wand of paralysis (5)
 J - a wand of mindburst (23)
 Y - a wand of flame (16)
Scrolls
 e - a scroll of enchant armour
 f - 4 scrolls of poison
 g - a scroll of amnesia
 h - 2 scrolls of blinking
 n - a scroll of identify
 s - a scroll of fog
 t - 6 scrolls of teleportation
 v - 2 scrolls of fear
Potions
 b - a potion of lignification
 c - a potion of berserk rage
 p - a potion of enlightenment
 r - 3 potions of haste
 w - 12 potions of curing
 x - 3 potions of heal wounds
 B - 2 potions of cancellation
 G - 3 potions of might
 H - a potion of ambrosia


   Skills:
 + Level 7.7 Fighting
 - Level 2.2 Staves
 + Level 1.7 Armour
 + Level 3.7 Dodging
 + Level 11.6 Spellcasting
 * Level 10.5 Conjurations
 * Level 9.3 Ice Magic
 - Level 3.0 Air Magic
 * Level 14.1 Earth Magic
 + Level 8.1 Invocations


You had 8 spell levels left.
You knew the following spells:

 Your Spells              Type           Power      Damage    Failure   Level
a - Sandblast             Erth           100%       2d20      0%          1
b - Mephitic Cloud        Conj/Alch/Air  62%        N/A       1%          3
c - Stone Arrow           Conj/Erth      100%       3d13      1%          3
d - Ozocubu's Armour      Ice            85%        N/A       1%          3
e - Freezing Cloud        Conj/Ice/Air   49%        6-21      4%          5
f - Summon Ice Beast      Ice/Summ       63%        N/A       1%          3
g - Permafrost Eruption   Ice/Erth       58%        2x4d16    4%          6
Z - Passwall              Erth           100%       N/A       1%          3

Your spell library contained the following spells:

 Spells                   Type           Power      Damage    Failure   Level
 Kiss of Death            Conj/Necr      100%       2d13      1%          1
 Shock                    Conj/Air       100%       1d9       1%          1
 Hailstorm                Conj/Ice       88%        3d14      1%          3
 Brom's Barrelling Bould  Conj/Erth      96%        2d11      1%          4
 Mercury Vapours          Alch/Air       82%        N/A       3%          2
 Swiftness                Air            53%        N/A       3%          3
 Flame Wave               Conj/Fire      66%        2d15      4%          4
 Fulminant Prism          Conj/Alch      25%        3d13      4%          4
 Iskenderun's Mystic Bla  Conj/Tloc      50%        2d11      4%          4
 Lesser Beckoning         Tloc           36%        N/A       6%          2
 Scorch                   Fire           54%        2d7       6%          2
 Fugue of the Fallen      Necr           18%        N/A       12%         3
 Gell's Gravitas          Tloc           18%        N/A       12%         3
 Teleport Other           Tloc           18%        N/A       12%         3
 Volatile Blastmotes      Fire/Tloc      54%        2d14      12%         3
 Airstrike                Air            26%        2d(4-20)  12%         4
 Manifold Assault         Tloc           18%        N/A       38%         4
 Summon Blazeheart Golem  Fire/Summ      27%        N/A       38%         4
 Orb of Destruction       Conj           35%        9d10      43%         7
 Sculpt Simulacrum        Ice/Alch       31%        N/A       67%         6
 Summon Cactus Giant      Summ           9%         N/A       99%         6
 Spellforged Servitor     Conj/Summ      25%        N/A       99%         7
 Infestation              Necr           9%         N/A       100%        8


Dungeon Overview and Level Annotations

Branches:
Dungeon (10/15)            Temple (1/1) D:4            Lair (4/5) D:10
 Shoals (0/4) Lair:2       Spider (0/4) Lair:2      Ossuary (visited)
 Bailey (visited)
  Slime: Lair:4-5       Orc: D:9-12

Altars:
Ashenzari
Cheibriados
Dithmenos
Elyvilon
Fedhas
Gozag
Hepliaklqana
Kikubaaqudgha
Makhleb
Nemelex Xobeh
Okawaru
Qazlal
Ru
Sif Muna
Trog
Uskayaw
Vehumet
Wu Jian
Xom
Yredelemnul
Zin
The Shining One

Shops:
D:4 :


Message History

A death yak comes into view.
A yak comes into view.
Unknown command.
Casting: Mephitic Cloud (safe; 1% risk of failure)
Confirm with . or Enter, or press ? or * to list all spells.
Okay, then.
The skyshark is engulfed in noxious fumes.
The skyshark bites you.
The skyshark enters a blood-rage!
The skyshark tail-slaps you but does no damage.
The skyshark tail-slaps you.
You climb upwards.
There is a stone staircase leading down here.
Casting: Mephitic Cloud (safe; 1% risk of failure)
Confirm with . or Enter, or press ? or * to list all spells.
Aiming: Mephitic Cloud (safe; 1% risk of failure)
Press: ? - help, Shift-Dir - straight line, f - skyshark
Aim: a skyshark (heavily wounded, berserk, chance to affect: 53%)
You feel a surge of power!
The ball explodes into a vile cloud!
The stinking cloud engulfs the skyshark.
The skyshark is heavily wounded.
The stinking cloud engulfs you.
The skyshark is engulfed in noxious fumes.
The skyshark barely misses you. The skyshark tail-slaps you!
The skyshark misses you.
Casting: Mephitic Cloud (safe; 1% risk of failure)
Confirm with . or Enter, or press ? or * to list all spells.
Aiming: Stone Arrow (safe; 1% risk of failure)
Press: ? - help, Shift-Dir - straight line, f/p - skyshark
Aim: a skyshark (noxious fumes, heavily wounded, berserk, 84% to hit)
You feel a surge of power!
The stone arrow hits the skyshark!
The skyshark is heavily wounded.
The skyshark is engulfed in noxious fumes.
The skyshark bites you.
* * * LOW HITPOINT WARNING * * *
The skyshark tail-slaps you!
* * * LOW HITPOINT WARNING * * *
The skyshark tail-slaps you.
* * * LOW HITPOINT WARNING * * *
The skyshark is engulfed in noxious fumes.
The skyshark bites you!!
You die...

#.....#....#......###.#.###.
##...#.............##..## #.
#....#.....#.....##..#####.
##....^...##...............
##....######...............
##P..#.#####....<...........
#...........................
###.........................
#.........@.§..............
#P..####.##F○....####..#...
##..####.####...#.##.#.♣♣..
##.#......###...........♣..
##..+......##....##.........
#P..#......##....##.........
##..+......###...##.......÷P
##..##...## #...........♣..
#..##########......P...P...


You could see a skyshark (berserk).

Vanquished Creatures
  Gastronok (Lair:2)
  Snorg (D:10)
  A centaur warrior (D:8)
  3 two-headed ogres
  A boulder beetle (D:10)
  A death yak (Lair:4)
  Nergalle (D:10)
  Lodul (D:10)
  Pikel (D:4)
  5 oklob plants
  Maurice (D:10)
  14 elephants
  A merfolk siren (Lair:2)
  2 black mambas
  2 gargoyles (D:10)
  An ice statue (D:10)
  6 cane toads
  2 kobold demonologists (D:10)
  3 komodo dragons
  2 rime drakes
  An unseen horror (D:10)
  7 polar bears
  9 blink frogs
  3 wyverns
  2 ynoxinuls (D:10)
  20 yaks
  A vampire (D:10)
  A golden eye (D:9)
  3 basilisks
  A steam dragon (D:8)
  Grum (D:8)
  11 water moccasins
  8 orc warriors
  An ice beast (D:7)
  2 sky beasts (D:7)
  8 ogres
  6 wolves
  2 centaurs
  3 lemures (D:4)
  10 kobold brigands
  10 bullfrogs
  2 scorpions
  5 water moccasin zombies (Ossuary)
  3 wights (D:10)
  A burial acolyte (Ossuary)
  10 killer bees
  4 electric eels (D:10)
  A howler monkey (D:10)
  6 hounds
  2 jellies
  6 bombardier beetles
  5 orc priests
  3 iguanas
  9 orc wizards
  A crocodile zombie (Ossuary)
  A bullfrog simulacrum (Ossuary)
  3 mummies
  7 gnolls
  2 adders
  A shadow imp (D:6)
  6 ufetubi (D:10)
  2 adder zombies (Ossuary)
  A dart slug (D:2)
  4 ribbon worms
  31 orcs
  3 ball pythons
  6 bats
  5 endoplasms
  7 giant cockroaches
  10 gnoll zombies (Ossuary)
  7 goblins
  8 hobgoblins
  5 jackals
  42 kobolds
  6 quokkas
  4 frilled lizards
  7 jackal zombies (Ossuary)
  5 orc zombies (Ossuary)
  5 rats (D:1)
396 creatures vanquished.

Vanquished Creatures (collateral kills)
  2 elephants (Lair:1)
  2 ogres (D:10)
  A centaur (D:10)
  An ufetubus (D:10)
6 creatures vanquished.

Grand Total: 402 creatures vanquished

Notes
Turn   | Place    | Note
-------+----------+-------------------------------------------
     0 | D:1      | skewfiend the Deep Elf Wanderer began the quest for the
                  | Orb.
     0 | D:1      | skewfiend set off with the following items: a +0
                  | quarterstaff, a +0 pair of gloves, a potion of berserk
                  | rage, a +0 robe; and the following spell memorised:
                  | Sandblast; and the following spells available to memorise:
                  | Passwall, Stone Arrow.
     0 | D:1      | Reached XP level 1. HP: 12/12 MP: 5/5
   160 | D:1      | Reached XP level 2. HP: 17/17 MP: 4/7
   820 | D:1      | Reached XP level 3. HP: 21/21 MP: 8/8
  1182 | D:2      | Learned a level 3 spell: Passwall
  1213 | D:2      | Identified the +2 ring mail of the Ecumenical Temple {rF+}
  1753 | D:2      | Got the Excursus on Earth and Remains
  1758 | D:2      | Learned a level 3 spell: Stone Arrow
  1985 | D:3      | Identified the +2 ring mail of the Wild Haggis {Str-4
                  | Dex+4}
  2068 | D:3      | Reached skill level 1 in Conjurations
  2068 | D:3      | Reached XP level 4. HP: 10/26 MP: 10/10
  2159 | D:3      | Reached skill level 5 in Earth Magic
  2328 | D:3      | Reached XP level 5. HP: 26/31 MP: 11/11
  2789 | D:4      | Noticed a lemure
  2807 | D:4      | Killed a lemure
  2955 | D:4      | Noticed a lemure
  2955 | D:4      | Noticed a lemure
  2955 | D:4      | Noticed a lemure
  2955 | D:4      | Noticed Pikel
  2972 | D:4      | Killed a lemure
  2978 | D:4      | Killed a lemure
  3117 | D:4      | Reached XP level 6. HP: 36/36 MP: 13/13
  3239 | D:4      | Found a staircase to the Ecumenical Temple.
  3273 | Temple   | Entered the Ecumenical Temple
  3370 | Temple   | Became a worshipper of Sif Muna the Loreminder
  3448 | D:4      | Found Goevoh's Tremendous Tomes.
  3571 | D:5      | Entered Level 5 of the Dungeon
  3584 | D:5      | Reached skill level 6 in Earth Magic
  3882 | D:6      | Reached XP level 7. HP: 40/40 MP: 15/15
  4087 | D:6      | HP: 2/41 [centaur/arrow (15)]
  4088 | D:6      | Reached * piety under Sif Muna
  4089 | D:6      | Reached skill level 7 in Earth Magic
  4185 | D:6      | Found a broken altar of Ashenzari.
  4242 | D:6      | Found a sand-covered staircase.
  4245 | D:6      | Reached skill level 5 in Conjurations
  4250 | Ossuary  | Entered an ossuary
  4274 | Ossuary  | Reached skill level 5 in Spellcasting
  4274 | Ossuary  | Reached XP level 8. HP: 46/46 MP: 17/17
  4397 | Ossuary  | Reached ** piety under Sif Muna
  4821 | D:6      | Reached skill level 8 in Earth Magic
  5119 | D:7      | Reached skill level 1 in Invocations
  5231 | D:7      | Reached XP level 9. HP: 46/52 MP: 20/20
  5487 | D:7      | Identified the +8 long sword of Esichess {venom, *Noise
                  | rN+++ Dex+6}
  5517 | D:7      | Reached skill level 9 in Earth Magic
  5583 | D:7      | Reached *** piety under Sif Muna
  5697 | D:8      | Learned a level 3 spell: Mephitic Cloud
  5701 | D:8      | Learned a level 3 spell: Ozocubu's Armour
  5981 | D:8      | Found a flagged portal.
  6033 | Bailey   | Entered a bailey
  6080 | Bailey   | Reached **** piety under Sif Muna
  6173 | Bailey   | Identified the +5 hand axe of Vumoh {heavy, Will++}
  6315 | Bailey   | Reached skill level 5 in Fighting
  6315 | Bailey   | Reached XP level 10. HP: 59/59 MP: 23/23
  6343 | Bailey   | Reached skill level 10 in Earth Magic
  6348 | Bailey   | Upgraded the game from 0.32-a0-699-g1ee5eff to
                  | 0.32-a0-720-g1d96ad0
  6434 | Bailey   | Found a bloodstained altar of Trog.
  6683 | D:8      | Noticed a centaur warrior
  6689 | D:8      | Killed a centaur warrior
  7064 | D:8      | Noticed Grum
  7080 | D:8      | Killed Grum
  7091 | D:8      | Noticed a two-headed ogre
  7099 | D:8      | Killed a two-headed ogre
  7391 | D:9      | Noticed a two-headed ogre
  7398 | D:9      | Reached skill level 1 in Ice Magic
  7401 | D:9      | Killed a two-headed ogre
  7403 | D:9      | Reached skill level 11 in Earth Magic
  7490 | D:9      | Noticed an oklob plant
  7490 | D:9      | Noticed an oklob plant
  7541 | D:9      | Reached skill level 5 in Invocations
  7546 | D:9      | Reached XP level 11. HP: 64/64 MP: 25/25
  7562 | D:9      | Noticed an oklob plant
  8101 | D:9      | Killed an oklob plant
  8102 | D:9      | HP: 2/64 [oklob plant/splash of acid (8)]
  8398 | D:10     | Entered Level 10 of the Dungeon
  8453 | D:10     | Noticed an oklob plant
  8461 | D:10     | Learned a level 5 spell: Freezing Cloud
  8461 | D:10     | Noticed a boulder beetle
  8474 | D:10     | Noticed a two-headed ogre
  8476 | D:10     | Killed a boulder beetle
  8477 | D:10     | Reached skill level 1 in Air Magic
  8491 | D:10     | Noticed Nergalle
  8737 | D:10     | Killed a two-headed ogre
  8800 | D:10     | Killed Nergalle
  8929 | D:10     | Learned a level 3 spell: Summon Ice Beast
  8938 | D:10     | Noticed Maurice
  8989 | D:10     | Killed Maurice
  9193 | D:10     | Found a staircase to the Lair.
  9201 | D:10     | Noticed an oklob plant
  9244 | D:10     | Noticed Lodul
  9499 | D:9      | Killed an oklob plant
  9501 | D:9      | Killed an oklob plant
  9502 | D:9      | Reached skill level 5 in Ice Magic
  9623 | D:10     | Reached ***** piety under Sif Muna
  9653 | D:10     | Noticed Snorg
  9660 | D:10     | Killed Snorg
  9661 | D:10     | Reached skill level 12 in Earth Magic
  9801 | D:10     | Killed Lodul
  9808 | D:10     | Reached skill level 10 in Spellcasting
  9816 | D:10     | Learned a level 6 spell: Permafrost Eruption
  9924 | D:10     | Reached XP level 12. HP: 56/71 MP: 27/28
 10747 | Lair:1   | Entered Level 1 of the Lair of Beasts
 11074 | D:4      | Killed Pikel
 11255 | Lair:1   | Reached skill level 13 in Earth Magic
 11692 | Lair:1   | Received a gift from Sif Muna
 12179 | Lair:2   | Noticed Gastronok
 12207 | Lair:2   | Killed Gastronok
 12440 | Lair:2   | Reached XP level 13. HP: 51/76 MP: 26/30
 12741 | Lair:2   | Found a hole to the Spider Nest.
 13183 | Lair:2   | Found a staircase to the Shoals.
 13196 | Lair:2   | Reached skill level 10 in Conjurations
 13504 | Lair:3   | Found the +3 Elemental Staff {ele, rElec rF+ rC+ AC+3}
 14076 | Lair:3   | Reached skill level 1 in Armour
 14356 | Lair:3   | Reached skill level 14 in Earth Magic
 14677 | Lair:3   | Upgraded the game from 0.32-a0-720-g1d96ad0 to
                  | 0.32-a0-721-g4b9ed32
 14715 | Lair:3   | Mangled by a skyshark

Illustrated notes

Levels and vault maps discovered:
D:1:      orjb1_lava_funnel, layout_loops_ring, serial_glass, glass_columns_c,
          glass_columns_a
D:2:      layout_loops_ring, minmay_misc_feat_columns, minmay_bisected
D:3:      minmay_angry_zag, layout_loops_ring, st_stairs_9
D:4:      cheibrodos_thug_alley, layout_rooms, minmay_temple_entry_stoned_glass,
          nicolae_shop_i_like_big_books, uniq_pikel
D:5:      layout_rooms
D:6:      layout_loops_ring, mainiacjoe_overflow_boulevard,
          gup_ossuary_entry_pyramid
D:7:      layout_basic, kennysheep_generic_room_13
D:8:      layout_basic, enter_bailey_4, chequers_serial_rivers_micro_d,
          uniq_grum
D:9:      layout_roguey, disabler_island
D:10:     layout_irregular_city, dpeg_oklobed_lair, minivault_16,
          fungi_pond_lemuel, hangedman_decor_opposing, nicolae_fort_ynox,
          uniq_maurice, uniq_snorg, uniq_lodul, uniq_nergalle
Temple:   mainiacjoe_temple_trianglar_array
Lair:1:   layout_chaotic_city, grunt_megastairs_2, lemuel_fruit_tree
Lair:2:   layout_cave_pods, elwin_shoals_entry_rooms,
          spider_nest_entry_web_field, uniq_gastronok
Lair:3:   layout_regular_city, grunt_forest_small_clearings
Lair:4:   layout_cave_pods, cheibrodos_lair_lostbears, serial_bayou_shore_b,
          serial_bayou_shore_a

Skill      XL: |  1  2  3  4  5  6  7  8  9 10 11 12 13 |
---------------+----------------------------------------+-----
Spellcasting   | 2 3 4 5 6 7 8 10 11 | 11.6
Fighting       | 2 3 4 5 6 7 |  7.7
Staves         | 2 |  2.2
Conjurations   | 1 2 3 5 6 8 9 10 | 10.5
Earth Magic    | 5 6 7 8 9 11 12 13 14 | 14.1
Invocations    | 1 3 5 6 7 8 |  8.1
Ice Magic      | 2 6 8 9 |  9.3
Air Magic      | 3 |  3.0
Dodging        | 3 |  3.7
Armour         | 1 |  1.7

Action                     |  1- 3 |  4- 6 |  7- 9 | 10-12 | 13-15 || total
---------------------------+-------+-------+-------+-------+-------++-------
  Melee: Quarterstaff      |     8 |     6 |       |       |       ||    14
         Staff             |       |       |     6 |     8 |    15 ||    29
  Throw: Stone             |     1 |       |       |       |       ||     1
         Dart              |       |       |     2 |       |       ||     2
   Cast: Sandblast         |    58 |    76 |   204 |   181 |    66 ||   585
         Stone Arrow       |     1 |       |    18 |    76 |    23 ||   118
         Mephitic Cloud    |       |       |     7 |    50 |     9 ||    66
         Ozocubu's Armour  |       |       |       |    16 |     1 ||    17
         Summon Ice Beast  |       |       |       |    11 |       ||    11
         Freezing Cloud    |       |       |       |     7 |     7 ||    14
         Permafrost Erupti |       |       |       |     5 |     3 ||     8
    Use: Scroll            |     1 |       |    13 |     7 |     3 ||    24
         Potion            |       |       |     3 |     2 |       ||     5
   Stab: Confused          |       |       |       |       |     2 ||     2
 Armour: Robe              |     9 |    10 |    72 |     7 |       ||    98
         Leather armour    |       |       |       |   135 |    91 ||   226
  Dodge: Dodged            |     9 |    22 |    72 |   122 |    39 ||   264

Table legend: (Time is in decaauts)
 A = Elapsed time spent in this place.
 B = Non-inter-level travel time spent in this place.
 C = Inter-level travel time spent in this place.
 D = Time resting spent in this place.
 E = Time spent auto-exploring this place.
 F = Levels seen in this place.
 G = Mean time per level.
                   A        B        C        D        E       F      G
               +--------+--------+--------+--------+--------+-----+--------+
         Total |  15079 |  13922 |   1157 |    951 |   9643 |  17 |  887.0 |
       Dungeon |  10599 |   9655 |    944 |    806 |   6598 |  10 | 1059.9 |
        Temple |    116 |      1 |    115 |      0 |      0 |   1 |  116.0 |
          Lair |   3666 |   3568 |     98 |     78 |   2846 |   4 |  916.5 |
       Ossuary |    230 |    230 |      0 |      0 |    122 |   1 |  230.0 |
        Bailey |    466 |    466 |      0 |     67 |     76 |   1 |  466.0 |
               +--------+--------+--------+--------+--------+-----+--------+

Top non-repeatable levels by time:
    D:10: 1890 daAuts
     D:9: 1824 daAuts
  Lair:2: 1462 daAuts
  Lair:3: 1283 daAuts
     D:1: 1150 daAuts
     D:8: 1126 daAuts
     D:4: 964 daAuts
     D:3: 906 daAuts
  Lair:1: 888 daAuts
     D:7: 842 daAuts
     D:6: 833 daAuts
     D:2: 717 daAuts
  Bailey: 466 daAuts
     D:5: 344 daAuts
 Ossuary: 230 daAuts
